 Dungeon Crawl Stone Soup version 0.27.1-33-g824d729ab1 (webtiles) character file.

Game seed: 8135712994350231019

305 safid the Skirmisher (level 6, -5/56 HPs)
             Began as a Hill Orc Fighter on Dec 16, 2021.
             Blown up by Pikel (30 damage)
             ... with a mindburst bolt
             ... on level 6 of the Dungeon.
             The game lasted 00:04:59 (2752 turns).

safid the Skirmisher (Hill Orc Fighter)             Turns: 2752, Time: 00:05:00

Health: -5/56      AC:  7    Str: 21    XL:     6   Next: 39%
Magic:  6/6        EV:  7    Int:  8    God:
Gold:   110        SH:  9    Dex: 10    Spells: 5/5 levels left

rFire    . . .     SeeInvis .   a - +0 war axe
rCold    . . .     Faith    .   c - +0 kite shield
rNeg     . . .     Spirit   .   b - +0 scale mail
rPois    .         Reflect  .   (no helmet)
rElec    .         Harm     .   (no cloak)
rCorr    .         Rampage  .   (no gloves)
Will     .....                  (no boots)
Stlth    ..........             e - amulet of regeneration
HPRegen  1.18/turn              (no ring)
MPRegen  0.10/turn              (no ring)

@: no status effects
A: no striking features
a: no special abilities


You were on level 6 of the Dungeon.
You visited 1 branch of the dungeon, and saw 4 of its levels.

You collected 110 gold pieces.

Inventory:

Hand Weapons
 a - a +0 war axe (weapon)
Armour
 b - a +0 scale mail (worn)
 c - a +0 kite shield (worn)
Jewellery
 e - an amulet of regeneration (around neck)
Wands
 r - a wand of acid (8)
Scrolls
 f - a scroll of teleportation {unknown}
 g - a scroll of blinking {unknown}
 j - a scroll of brand weapon {unknown}
 m - 2 scrolls of holy word {unknown}
 p - a scroll of noise {unknown}
Potions
 d - a potion of might
 h - a potion of flight {unknown}
 i - a potion of curing {unknown}
 k - 2 potions of mutation {unknown}
 l - 2 potions of heal wounds {unknown}
 n - a potion of cancellation {unknown}
 o - a potion of resistance {unknown}
 q - a potion of lignification {unknown}


   Skills:
 + Level 5.2 Fighting
 + Level 4.9 Axes
 + Level 4.7 Armour
 + Level 4.7 Shields


You had 5 spell levels left.
You didn't know any spells.
Your spell library was empty.

Dungeon Overview and Level Annotations

Branches:
Dungeon (3/15)

Altars:
Ashenzari

Shops:
D:2 *

Annotations:
D:6 Pikel


Message History

You block the centaur skeleton's attack.
The centaur skeleton kicks you but does no damage.
You slash the centaur skeleton!
The centaur skeleton is heavily damaged.
You slash the withered plant!
The withered plant begins to crumble.
The centaur skeleton hits you but does no damage.
The centaur skeleton kicks you but does no damage.
You block the centaur skeleton's attack.
The centaur skeleton kicks you but does no damage.
You slash the centaur skeleton!
The centaur skeleton is almost destroyed.
You hit the withered plant.
You block the centaur skeleton's attack.
The centaur skeleton kicks you but does no damage.
Unknown command.
You slash the centaur skeleton!
You destroy the centaur skeleton!
You slash the withered plant!
The withered plant crumbles away.
Found 8 gold pieces.
You now have 92 gold pieces (gained 14).
You now have 102 gold pieces (gained 10).
Found a fluorescent wand.
You now have 110 gold pieces (gained 8).
Found a stone staircase leading down.
r - a wand of acid (8) Pikel the Slaver comes into view.
He is wielding a +2 whip of freezing and carrying a wand of mindburst (19).
Pikel shouts!
You hear a shout!
Pikel zaps a wand.
Your mind is blasted!
Ouch! That really hurt!
You are too injured to fight recklessly!
You are too injured to fight recklessly!
You barely miss Pikel.
Pikel hits you with a +2 whip of freezing.
Pikel freezes you.
Unknown command.
You hit Pikel.
Pikel is lightly wounded.
You block Pikel's attack.
Pikel zaps a wand.
Your mind is blasted!
Ouch! That really hurt!
You die...

.#.... #.#
#.# ....#..
#.# #.#
≈≈≈.... #.#
#.# ≈#≈≈≈
#.#
##.####.###
≈≈≈≈# #.#
#..........
#.#
#..####.###
#.####..#
#.......#
#######@#
#K# #.# ...
###


You could see Pikel.

Vanquished Creatures
  3 lemures (D:6)
  A water moccasin zombie (D:6)
  A bullfrog zombie (D:6)
  2 centaur zombies (D:6)
  A centaur skeleton (D:6)
  2 killer bee zombies (D:6)
  4 adders
  2 dart slugs (D:2)
  7 endoplasms
  2 giant cockroaches
  11 goblins
  6 hobgoblins
  2 quokkas
  4 ball pythons
  6 bats (D:1)
  4 frilled lizards
  3 kobolds
  3 rats
64 creatures vanquished.

Vanquished Creatures (others)
  3 plants (D:3)
  A withered plant (D:6)
4 creatures vanquished.

Grand Total: 68 creatures vanquished

Notes
Turn   | Place    | Note
-------+----------+-------------------------------------------
     0 | D:1      | safid the Hill Orc Fighter began the quest for the Orb.
     0 | D:1      | Reached XP level 1. HP: 19/19 MP: 1/1
   227 | D:1      | Found a faded altar of an unknown god.
   234 | D:1      | Reached XP level 2. HP: 27/27 MP: 2/2
   548 | D:1      | Reached skill level 4 in Fighting
   577 | D:1      | Reached XP level 3. HP: 33/33 MP: 3/3
   989 | D:2      | Found Fuajutuh's Assorted Antiques.
  1364 | D:2      | Reached XP level 4. HP: 40/40 MP: 4/4
  2533 | D:3      | You fall into a shaft and drop 3 floors!
  2546 | D:6      | Reached XP level 5. HP: 42/47 MP: 5/5
  2572 | D:6      | Reached skill level 5 in Fighting
  2572 | D:6      | Reached XP level 6. HP: 56/56 MP: 6/6
  2613 | D:6      | Found a broken altar of Ashenzari.
  2747 | D:6      | Noticed Pikel
  2752 | D:6      | Blown up by Pikel

Illustrated notes

Levels and vault maps discovered:
D:1:      saegor_arrival_simple_e, layout_loops_ring, basic_ecumenical_altar
D:2:      layout_basic, serial_shops,
          nicolae_shop_temple_entry_statues_fountains
D:3:      layout_loops_ring, mainiacjoe_overflow_alcove_2, serial_forest,
          infiniplex_forest_clump_diagonal, infiniplex_forest_lined_2,
          infiniplex_forest_clump_long, infiniplex_forest_diagonal,
          infiniplex_forest_straight_2, infiniplex_forest_lined_2,
          infiniplex_forest_clump_medium, infiniplex_forest_clump_diagonal
D:6:      layout_loops_ring, kennysheep_mini, serial_undead, serial_undead_b,
          serial_undead_a, serial_undead_e, serial_undead_c,
          nicolae_lava_and_water, kennysheep_generic_room_2, uniq_pikel

Skill      XL: |  1  2  3  4  5 |
---------------+----------------+-----
Axes           | 3 4 |  4.9
Fighting       | 4 5 |  5.2
Armour         | 4 |  4.7
Shields        | 4 |  4.7

Action                   |  1- 3 |  4- 6 || total
-------------------------+-------+-------++-------
Melee: War axe           |    97 |   123 ||   220
 Stab: Distracted        |     1 |       ||     1
Armor: Scale mail        |    51 |    65 ||   116
Dodge: Dodged            |    24 |    38 ||    62
Block: Kite shield       |    44 |    69 ||   113
